 Dungeon Crawl Stone Soup version 0.28-a0-773-g130ae17fe5 (webtiles) character file.

Game seed: 2819180554145033833

4559 ragingrage the Grappler (level 10, -4/82 HPs)
             Began as a Demonspawn Chaos Knight on Nov 1, 2021.
             Was a Plaything of Xom.
             Slain by a two-headed ogre (17 damage)
             ... on level 9 of the Dungeon.
             The game lasted 00:16:03 (10451 turns).

ragingrage the Grappler (Demonspawn Chaos Knight)  Turns: 10451, Time: 00:16:03

Health: -4/82      AC:  6    Str: 13    XL:     10   Next: 18%
Magic:  10/10      EV: 10    Int: 14    God:    Xom [*.....]
Gold:   1382       SH:  0    Dex: 18    Spells: 7/9 levels left

rFire   + . .      SeeInvis .     - Unarmed
rCold   + . .      Faith    +   (no shield)
rNeg    . . .      Spirit   .   A - +1 ring mail of Sif Muna's Scorn {Drain rPois Dex+3}
rPois   +          Reflect  .   (helmet restricted)
rElec   .          Harm     .   E - scarf {repulsion}
rCorr   +          Rampage  .   s - +2 pair of gloves
Will    +....                   (boots unavailable)
Stlth   ++++......              F - amulet of faith
HPRegen 0.23/turn               k - ring of resist corrosion
MPRegen 0.12/turn               J - ring "Xibotag" {rPois rC+ Stlth+}

@: repel missiles, unable to read
A: hooves 3, thin skeletal structure 1, demonic guardian 1, corrupting presence
1, horns 1, deformed body, fire resistance 1, strong-willed 1, screaming 1, weak
1, evolution 1, inability to read while threatened
a: Renounce Religion


You were on level 9 of the Dungeon.
You worshipped Xom.
You were a special plaything of Xom.
You visited 1 branch of the dungeon, and saw 9 of its levels.
You also visited: Ossuary.

You collected 1694 gold pieces.
You spent 312 gold pieces at shops.

Inventory:

Hand Weapons
 c - a +1 dagger of draining
 K - the +7 war axe of the Swamp {protect, +Blink Str+6 Int+3 Dex-4}
   (You found it on level 9 of the Dungeon)

   It grants its wielder temporary protection when it strikes (+7 to AC).
   Str:       It affects your strength (+6).
   Int:       It affects your intelligence (+3).
   Dex:       It affects your dexterity (-4).
   +Blink:    It lets you blink.
Missiles
 a - 30 poisoned darts (quivered)
 j - 4 javelins
Armour
 s - a +2 pair of gloves (worn)
 w - +0 acid dragon scales
 A - the +1 ring mail of Sif Muna's Scorn (worn) {Drain rPois Dex+3}
   (You found it on level 5 of the Dungeon)

   Dex:       It affects your dexterity (+3).
   rPois:     It protects you from poison.
   Drain:     It drains your maximum health when unequipped.
 E - a scarf of repulsion (worn)
 H - a +2 robe of resistance
Jewellery
 k - a ring of resist corrosion (left hand)
 F - an amulet of faith (around neck)
 J - the ring "Xibotag" (right hand) {rPois rC+ Stlth+}
   (Xom gifted it to you on level 8 of the Dungeon)

   [ring of protection from cold]

   rC:        It protects you from cold.
   rPois:     It protects you from poison.
   Stlth:     It makes you more stealthy.
Wands
 m - a wand of acid (11)
 v - a wand of iceblast (6)
 I - a wand of paralysis (11)
Scrolls
 b - 2 scrolls of blinking
 d - 2 scrolls of magic mapping
 f - a scroll of fog {unknown}
 h - 4 scrolls of noise
 i - a scroll of amnesia
 n - 4 scrolls of teleportation {unknown}
 q - 4 scrolls of enchant armour
 r - a scroll of identify
 D - 4 scrolls of fear
Potions
 e - 6 potions of curing
 g - 2 potions of flight
 l - a potion of ambrosia {unknown}
 o - 2 potions of haste {unknown}
 p - a potion of lignification
 t - a potion of attraction {unknown}
 u - 2 potions of brilliance
 x - 2 potions of degeneration {unknown}
 z - 2 potions of might {unknown}
 B - 3 potions of heal wounds
 C - 2 potions of berserk rage
Miscellaneous
 y - a phial of floods


   Skills:
 + Level 8.5 Fighting
 - Level 1.7 Armour
 - Level 0.8 Dodging
 - Level 5.0 Stealth
 * Level 11.0 Unarmed Combat


You had 7 spell levels left.
You knew the following spells:

 Your Spells              Type           Power      Damage    Failure   Level
a - Blink                 Tloc           0%         N/A       67%         2

Your spell library contained the following spells:

 Spells                   Type           Power      Damage    Failure   Level
 Magic Dart               Conj           0%         1d3       52%         1
 Corpse Rot               Necr/Air       0%         N/A       67%         2
 Poisonous Vapours        Pois/Air       0%         N/A       67%         2
 Searing Ray              Conj           0%         2d4       67%         2
 Dazzling Flash           Conj/Hex       0%         N/A       88%         3
 Inner Flame              Hex/Fire       0%         N/A       88%         3
 Lesser Beckoning         Tloc           0%         N/A       88%         3
 Ozocubu's Armour         Ice            0%         N/A       88%         3
 Summon Guardian Golem    Hex/Summ       0%         N/A       88%         3
 Cause Fear               Hex            0%         N/A       99%         4
 Fulminant Prism          Conj/Hex       0%         3d6       99%         4
 Agony                    Necr           0%         N/A       100%        5
 Manifold Assault         Tloc           0%         N/A       100%        5
 Metabolic Englaciation   Hex/Ice        0%         N/A       100%        5
 Silence                  Hex/Air        0%         N/A       100%        5
 Simulacrum               Ice/Necr       0%         N/A       100%        6
 Orb of Destruction       Conj           0%         N/A       100%        7
 Spellforged Servitor     Conj/Summ      0%         N/A       100%        7
 Discord                  Hex            0%         N/A       100%        8


Dungeon Overview and Level Annotations

Branches:
Dungeon (9/15)             Temple (0/1) D:7         Ossuary (visited)
   Lair: D:8-11         Orc: D:9-12

Altars:
Dithmenos
Elyvilon
Okawaru
Ru
Trog
Uskayaw
Xom

Shops:
D:6 [   D:8 :


Innate Abilities, Weirdness & Mutations

You have hooves in place of feet.
You have a somewhat thin skeletal structure. (Dex +2, Stealth+)
A weak demonic guardian rushes to your aid.
Your presence sometimes corrodes those you injure.
You have a pair of small horns on your head.
Armour fits poorly on your strangely shaped body.
Your flesh is heat resistant. (rF+)
You are strong-willed. (Will+)
You occasionally shout uncontrollably at your foes.
You are weak. (Str -2)
You have hidden genetic potential.
You sometimes lose the ability to read scrolls when taking damage.


Message History

a +0 shortbow; 27 arrows; a centaur corpse You barely miss the two-headed ogre.
You kick the two-headed ogre.
The two-headed ogre is lightly wounded.
The two-headed ogre hits you with a +0 giant club!
The two-headed ogre barely misses you.
Unknown command.
Throw: dart (curare)
Press: ? - help, Q - select action, (/) - cycle Shift-Dir - straight line, f - two-headed ogre
Aim: a two-headed ogre, wielding two +0 giant clubs (lightly wounded, 78% to hit)
You throw a curare-tipped dart.
The curare-tipped dart hits the two-headed ogre.
The two-headed ogre is poisoned.
The two-headed ogre convulses.
The two-headed ogre seems to slow down.
The two-headed ogre is moderately wounded.
Unknown command.
Aiming: Paralyse
Press: ? - help, Shift-Dir - straight line, f/p - two-headed ogre
Aim: a two-headed ogre, wielding two +0 giant clubs (heavily wounded, very poisoned, slow, chance to affect: 28%)
Okay, then.
Unknown command.
Aiming: Iceblast
Press: ? - help, Shift-Dir - straight line, f/p - two-headed ogre
Aim: a two-headed ogre, wielding two +0 giant clubs (heavily wounded, very poisoned, slow)
The mass of ice explodes!
The iceblast engulfs the two-headed ogre!
The two-headed ogre is severely wounded.
You hear a shout!
You hit the two-headed ogre.
You headbutt the two-headed ogre, but do no damage.
The two-headed ogre is almost dead.
You hit the two-headed ogre.
You kick the two-headed ogre, but do no damage.
Your headbutt misses the two-headed ogre.
The two-headed ogre is almost dead.
The two-headed ogre hits you with a +0 giant club!!
You feel threatened and lose the ability to read scrolls!
* * * LOW HITPOINT WARNING * * *
A demonic guardian appears!
The two-headed ogre hits you with a +0 giant club!
You die...

♣♣ ##### .♣##### ....# ♣♣♣
..♣...♣ ....# O.♣♣.♣.♣♣.♣
..$.# ♣.♣)♣♣♣ ♣ )...# ♣.♣)♣
.# ....# ♣.).♣♣ .# ###.#
######(######### ##.#
...........O@.5..######..####
#######.#######......)......
...# # ####.......... ##...
....####.......... ####
#...............
######.......... #.........(
#.......... #..........


You could see a two-headed ogre (poisoned, slow, ally target) and a friendly
white imp (summoned).

Vanquished Creatures
  A two-headed ogre (D:9)
  Joseph (D:8)
  Sigmund (D:5)
  An acid dragon (D:8)
  Duvessa (D:6)
  An orc warrior (D:8)
  2 ice beasts
  2 sky beasts (D:6)
  A hornet zombie (D:7)
  2 ogres (D:4)
  5 centaurs
  A phantom (D:5)
  A kobold brigand (D:7)
  3 bullfrogs
  2 scorpions (D:5)
  2 water moccasin zombies
  A water moccasin skeleton (D:5)
  Dowan (D:6)
  5 killer bees (D:9)
  5 wights (D:8)
  An electric eel (D:8)
  A lava snake (D:8)
  A bullfrog zombie (D:6)
  4 orc priests
  2 jellies
  2 hounds
  2 bullfrog skeletons (D:7)
  A centaur skeleton (D:7)
  Terence (D:2)
  2 iguanas
  5 orc wizards
  8 mummies (Ossuary)
  2 howler monkey zombies
  7 adders
  A howler monkey skeleton (D:7)
  6 gnolls
  2 white imps (D:6)
  An ufetubus (D:6)
  5 dart slugs
  28 orcs
  9 endoplasms
  3 giant cockroaches
  10 goblins
  9 hobgoblins
  2 quokkas
  6 ball pythons
  8 bats
  20 frilled lizards
  A gnoll zombie (Ossuary)
  3 hobgoblin zombies (Ossuary)
  13 kobolds
  4 orc zombies (Ossuary)
  7 rats
216 creatures vanquished.

Vanquished Creatures (collateral kills)
  A hound (D:5)
  An orc priest (D:8)
  An orc (D:7)
3 creatures vanquished.

Vanquished Creatures (others)
  5 plants (D:6)
5 creatures vanquished.

Grand Total: 224 creatures vanquished

Notes
Turn   | Place    | Note
-------+----------+-------------------------------------------
     0 | D:1      | ragingrage the Demonspawn Chaos Knight began the quest for
                  | the Orb.
     0 | D:1      | Reached XP level 1. HP: 18/18 MP: 1/1
   133 | D:1      | Reached skill level 3 in Unarmed Combat
   366 | D:1      | Gained mutation: You have large cloven feet. [demonic
                  | ancestry]
   366 | D:1      | Reached XP level 2. HP: 24/24 MP: 2/2
   368 | D:1      | Found a faded altar of an unknown god.
   427 | D:1      | XOM: silly message
   966 | D:1      | Reached XP level 3. HP: 29/29 MP: 3/3
  1401 | D:2      | Reached skill level 4 in Unarmed Combat
  1409 | D:2      | XOM: divination: magic mapping
  1536 | D:2      | XOM is BORED!
  1536 | D:2      | XOM: silly message
  1814 | D:2      | XOM: noise
  1818 | D:2      | Gained mutation: You have a somewhat thin skeletal
                  | structure. (Dex +2, Stealth+) [demonic ancestry]
  1818 | D:2      | Reached XP level 4. HP: 35/35 MP: 4/4
  1886 | D:2      | Noticed Terence
  1889 | D:2      | XOM: silly message
  1893 | D:2      | XOM: potion effect (invisibility)
  1903 | D:2      | Killed Terence
  2100 | D:2      | XOM: silly message
  2207 | D:2      | You fall into a shaft and drop 2 floors!
  2262 | D:5      | Entered Level 5 of the Dungeon
  2267 | D:5      | Identified the +0 leather armour of Mysticism {rN+}
  2267 | D:5      | Noticed a phantom
  2278 | D:5      | Noticed a centaur
  2291 | D:5      | Killed a centaur
  2292 | D:5      | Reached skill level 5 in Unarmed Combat
  2292 | D:5      | Reached XP level 5. HP: 34/42 MP: 5/5
  2295 | D:5      | XOM: potion effect (invisibility)
  2296 | D:5      | Killed a phantom
  2296 | D:5      | XOM: potion effect (haste)
  2297 | D:5      | Gained mutation: You have hoof-like feet. [demonic
                  | ancestry]
  2297 | D:5      | Reached XP level 6. HP: 40/48 MP: 6/6
  2305 | D:5      | XOM: silly message
  2340 | D:5      | XOM: potion effect (haste)
  2424 | D:5      | Reached skill level 6 in Unarmed Combat
  2683 | D:4      | XOM: destruction
  2688 | D:4      | XOM: give mutations
  2688 | D:4      | Gained mutation: Your flesh is cold resistant. (rC+) [Xom's
                  | mischief]
  2688 | D:4      | Gained mutation: You occasionally shout uncontrollably at
                  | your foes. [Xom's mischief]
  2688 | D:4      | Gained mutation: You frequently scream uncontrollably at
                  | your foes. [Xom's mischief]
  2688 | D:4      | Lost mutation: Your flesh is cold resistant. (rC+) [Xom's
                  | mischief]
  2741 | D:4      | XOM: give mutations
  2741 | D:4      | Gained mutation: You have a pair of small horns on your
                  | head. [Xom's grace]
  2741 | D:4      | Gained mutation: Your skin changes colour to match your
                  | surroundings (Stealth+). [Xom's grace]
  2741 | D:4      | Gained mutation: You are strong-willed. (Will+) [Xom's
                  | grace]
  2769 | D:4      | XOM: god gift: +0 long sword of chaos
  2919 | D:3      | XOM: polymorph orc -> ball python
  3161 | D:3      | Found an iron altar of Okawaru.
  3302 | D:3      | Reached XP level 7. HP: 55/55 MP: 7/7
  3310 | D:3      | XOM: scenery: summon butterflies
  3503 | D:3      | XOM: cloud trail
  4037 | D:4      | XOM: give mutations
  4037 | D:4      | Gained mutation: You sometimes lose the ability to read
                  | scrolls when taking damage. [Xom's mischief]
  4037 | D:4      | Gained mutation: Armour fits poorly on your strangely
                  | shaped body. [Xom's mischief]
  4043 | D:4      | XOM: silly message
  4103 | D:4      | Reached skill level 5 in Fighting
  4125 | D:4      | XOM: 1-stop teleportation journey
  4142 | D:4      | Reached skill level 1 in Stealth
  4584 | D:4      | XOM: give mutations
  4584 | D:4      | Gained mutation: You are weak. (Str -2) [Xom's mischief]
  4584 | D:4      | Lost mutation: You frequently scream uncontrollably at your
                  | foes. [Xom's mischief]
  4771 | D:5      | Reached skill level 7 in Unarmed Combat
  4922 | D:5      | XOM: 1-stop teleportation journey
  4962 | D:5      | Noticed Sigmund
  4962 | D:5      | XOM: 4-stop teleportation journey
  5047 | D:5      | Identified a scroll of acquirement
  5047 | D:5      | Acquired 891 gold pieces
  5086 | D:5      | XOM: summons friendly quasit
  5150 | D:5      | XOM: polymorph quasit -> shadow imp
  5249 | D:5      | Killed Sigmund
  5250 | D:5      | Gained mutation: You have hooves in place of feet. [demonic
                  | ancestry]
  5250 | D:5      | Reached XP level 8. HP: 61/64 MP: 8/8
  5380 | D:5      | XOM: god gift: phial of floods
  5423 | D:5      | Identified the +1 ring mail of Sif Muna's Scorn {Drain
                  | rPois Dex+3}
  5436 | D:5      | XOM: god gift: 23 sling bullets
  5953 | D:6      | XOM: divination: detect creatures
  5976 | D:6      | Found Iffiwes's Armour Emporium.
  5981 | D:6      | Noticed Dowan
  5982 | D:6      | Noticed Duvessa
  5996 | D:6      | XOM: scenery: create altars
  6009 | D:6      | XOM: 3-stop teleportation journey
  6020 | D:6      | Killed Dowan
  6133 | D:6      | Found a sand-covered staircase.
  6138 | D:6      | XOM: silly message
  6139 | D:6      | XOM: divination: detect items
  6140 | D:6      | XOM: potion effect (might)
  6143 | D:6      | Killed Duvessa
  6144 | D:6      | Reached skill level 8 in Unarmed Combat
  6201 | Ossuary  | Entered an ossuary
  6709 | D:6      | Acquired a scarf of repulsion
  6779 | D:6      | XOM: divination: detect creatures
  6986 | D:6      | XOM: enchant monster (bad)
  7338 | D:7      | XOM: repel stairs
  7339 | D:7      | XOM: enchant monster (good)
  7358 | D:7      | Gained mutation: A weak demonic guardian rushes to your
                  | aid. [demonic ancestry]
  7358 | D:7      | Reached XP level 9. HP: 23/71 MP: 9/9
  7467 | D:6      | XOM: stat loss: -1 Dex (17/18)
  7917 | D:7      | XOM: silly message
  7961 | D:7      | XOM: 3-stop teleportation journey
  7962 | D:7      | Found a staircase to the Ecumenical Temple.
  7987 | D:7      | Reached skill level 9 in Unarmed Combat
  8431 | D:8      | Noticed Joseph
  8451 | D:8      | Killed Joseph
  8452 | D:8      | Reached skill level 5 in Stealth
  8509 | D:8      | Found Fofesuifown's Book Shoppe.
  8509 | D:8      | XOM: 1-stop teleportation journey
  8545 | D:7      | XOM: scenery: 2 doors close
  8733 | D:8      | Found a hide-covered altar of Uskayaw.
  8736 | D:8      | XOM: fake destruction
  8737 | D:8      | XOM: confuse monster(s)
  8762 | D:8      | Bought a book of Spatial Translocations for 312 gold pieces
  8765 | D:8      | Learned a level 2 spell: Blink
  8874 | D:8      | XOM: potion effect (might)
  8879 | D:8      | XOM: fog
  9033 | D:8      | XOM: give mutations
  9033 | D:8      | Gained mutation: Your flesh is heat resistant. (rF+) [Xom's
                  | grace]
  9033 | D:8      | Gained mutation: You have hidden genetic potential. [Xom's
                  | grace]
  9205 | D:8      | Found a sacrificial altar of Ru.
  9236 | D:8      | Reached skill level 10 in Unarmed Combat
  9619 | D:8      | Identified the ring "Xibotag" {rPois rC+ Stlth+} (Xom
                  | gifted it to you on level 8 of the Dungeon)
  9619 | D:8      | XOM: god gift: ring "Xibotag" {rPois rC+ Stlth+}
  9889 | D:8      | XOM: give mutations
  9889 | D:8      | Lost mutation: You occasionally shout uncontrollably at
                  | your foes. [Xom's mischief]
  9889 | D:8      | Gained mutation: You occasionally shout uncontrollably at
                  | your foes. [Xom's mischief]
  9889 | D:8      | Lost mutation: Your skin changes colour to match your
                  | surroundings (Stealth+). [Xom's mischief]
  9965 | D:8      | XOM: confuse monster(s)
 10020 | D:8      | Found a bloodstained altar of Trog.
 10028 | D:9      | XOM: noise
 10079 | D:9      | Identified the +7 war axe of the Swamp {protect, +Blink
                  | Str+6 Int+3 Dex-4}
 10271 | D:9      | Found a shadowy altar of Dithmenos.
 10271 | D:9      | XOM: 3-stop teleportation journey
 10272 | D:9      | Noticed a two-headed ogre
 10276 | D:9      | XOM: fake destruction
 10284 | D:9      | Killed a two-headed ogre
 10285 | D:9      | Gained mutation: Your presence sometimes corrodes those you
                  | injure. [demonic ancestry]
 10285 | D:9      | Reached XP level 10. HP: 81/81 MP: 10/10
 10342 | D:9      | XOM: silly message
 10424 | D:9      | Noticed a two-headed ogre
 10429 | D:9      | XOM: confusion (+ monsters)
 10431 | D:9      | Reached skill level 11 in Unarmed Combat
 10451 | D:9      | Slain by a two-headed ogre

Illustrated notes

Levels and vault maps discovered:
D:1:      dpeg_arrival_radiant, layout_loops_ring,
          ebering_ecumenical_altar_sacrificial, chequers_serial_rivers_micro_d
D:2:      cheibrodos_pilgrimage, layout_rooms, minmay_pentomino_q4, uniq_terence
D:3:      layout_basic, okawaru_ov_weapons_minmay
D:4:      layout_rooms, minmay_crystal_room, grunt_decor_clamped
D:5:      cheibrodos_thug_alley, layout_loops_ring, uniq_sigmund
D:6:      layout_loops_ring, serial_shops, nicolae_shop_crystal,
          enter_ossuary_1, minmay_lizard_king, uniq_duvessa
D:7:      layout_gridville, minmay_temple_entry_butterflies,
          minmay_misc_feat_ornament
D:8:      layout_loops_ring, nicolae_ru_sacrificial_ziggurat,
          general_overflow_altar, mainiacjoe_overflow_paths, serial_shops, shop,
          grunt_decor_mini_mirrors, hangedman_glass_teeth,
          nicolae_lava_and_water, uniq_joseph
D:9:      nzn_winding_woodlands_stair_cross [nzn_winding_woodlands_5x15_jagged,
          nzn_winding_woodlands_center_pierced_h,
          nzn_winding_woodlands_5x15_twine, nzn_winding_woodlands_5x5_three,
          nzn_winding_woodlands_5x5_default,
          nzn_winding_woodlands_5x15_concentric,
          nzn_winding_woodlands_center_garden,
          nzn_winding_woodlands_5x15_river_crossing], layout_rooms,
          nicolae_dithmenos_through_a_glass_darkly,
          nicolae_wu_jian_immortal_techniques, kennysheep_ying_yang

Skill      XL: |  1  2  3  4  5  6  7  8  9 10 |
---------------+-------------------------------+-----
Unarmed Combat | 3 4 5 6 7 8 10 11 | 11.0
Fighting       | 4 5 6 8 |  8.5
Stealth        | 2 4 5 |  5.0
Armour         | |  1.7
Dodging        | |  0.8

Action                   |  1- 3 |  4- 6 |  7- 9 | 10-12 || total
-------------------------+-------+-------+-------+-------++-------
Melee: Unarmed           |    20 |       |   230 |    19 ||   269
       Dagger            |   116 |   118 |   195 |       ||   429
       Kick              |    13 |    38 |   123 |     6 ||   180
       Punch             |     1 |     4 |    10 |       ||    15
       Headbutt          |       |     2 |    76 |     2 ||    80
Throw: Javelin           |       |     3 |     3 |       ||     6
       Dart              |       |       |     1 |     1 ||     2
       Throwing net      |       |       |     1 |       ||     1
Evoke: Wand              |       |     2 |     8 |     1 ||    11
       Phial of floods   |       |       |     1 |       ||     1
  Use: Scroll            |       |     2 |    12 |       ||    14
       Potion            |       |       |     1 |       ||     1
 Stab: Sleeping          |     1 |     3 |    11 |       ||    15
       Invisible         |       |     7 |       |       ||     7
       Distracted        |       |       |     1 |       ||     1
       Confused          |       |       |     5 |       ||     5
       Held in net/web   |       |       |     1 |       ||     1
Armor: Leather armour    |    48 |    33 |    33 |       ||   114
       Ring mail         |       |       |   105 |    13 ||   118
       Skin              |       |       |    22 |    16 ||    38
Dodge: Dodged            |    80 |    71 |   193 |    16 ||   360
       Repelled          |       |       |     3 |       ||     3

Table legend: (Time is in decaauts)
 A = Elapsed time spent in this place.
 B = Non-inter-level travel time spent in this place.
 C = Inter-level travel time spent in this place.
 D = Time resting spent in this place.
 E = Time spent auto-exploring this place.
 F = Levels seen in this place.
 G = Mean time per level.
                   A        B        C        D        E       F      G
               +--------+--------+--------+--------+--------+-----+--------+
         Total |  10379 |  10131 |    248 |   1440 |   6772 |  10 | 1037.9 |
       Dungeon |   9877 |   9629 |    248 |   1289 |   6536 |   9 | 1097.4 |
       Ossuary |    502 |    502 |      0 |    151 |    236 |   1 |  502.0 |
               +--------+--------+--------+--------+--------+-----+--------+

Top non-repeatable levels by time:
     D:5: 1480 daAuts
     D:8: 1373 daAuts
     D:1: 1339 daAuts
     D:7: 1203 daAuts
     D:3: 1050 daAuts
     D:2: 1042 daAuts
     D:6: 1020 daAuts
     D:4: 952 daAuts
 Ossuary: 502 daAuts
     D:9: 415 daAuts
